 Dungeon Crawl Stone Soup version 0.30.0 (webtiles) character file.

Game seed: 15655666858124741696

1736 Ayyar the Trooper (level 8, -7/63 HPs)
             Began as a Minotaur Fighter on May 12, 2023.
             Was a Believer of Hepliaklqana.
             Mangled by a fire elemental (10 damage)
             ... summoned by a deep elf pyromancer
             ... on level 7 of the Dungeon.
             The game lasted 00:20:58 (4814 turns).

Ayyar the Trooper (Minotaur Fighter)                Turns: 4814, Time: 00:20:58

Health: -7/63      AC: 12    Str: 24    XL:     8   Next: 76%
Magic:  7/7        EV:  9    Int:  5    God:    Hepliaklqana [**....]
Gold:   348        SH:  5    Dex:  9    Spells: 7/7 levels left

rFire   . . .        a - +0 war axe
rCold   . . .        c - +0 buckler
rNeg    + . .        k - +0 scale mail
rPois   .            B - +2 hat
rElec   +            (no cloak)
rCorr   .            H - +0 pair of gloves of Past Mistakes {-Cast Harm Fly rElec}
SInv    +            p - +0 pair of boots
Will    .....        (no amulet) Stlth
                     j - ring of positive energy
HPRegen 0.30/turn    C - ring of see invisible
MPRegen 0.10/turn

%: no spellcasting, harm (+30% outgoing, +20% incoming)
@: flying
A: reduced essence, horns 2, retaliatory headbutt
a: Renounce Religion, Recall Ancestor, Ancestor Identity


You were on level 7 of the Dungeon.
You worshipped Hepliaklqana.
Hepliaklqana was pleased with you.
You visited 2 branches of the dungeon, and saw 8 of its levels.
You also visited: Sewer.

You collected 348 gold pieces.

Inventory:

Hand Weapons
 a - a +0 war axe (weapon)
 b - a +0 flail of venom
Missiles
 I - 21 poisoned darts (quivered)
Armour
 c - a +0 buckler (worn)
 k - a +0 scale mail (worn)
 p - a +0 pair of boots (worn)
 q - a +0 pair of gloves
 B - a +2 hat (worn)
 H - the +0 pair of gloves of Past Mistakes (worn) {-Cast Harm Fly rElec}
   (You found it in a sewer)

   rElec:     It insulates you from electricity.
   Fly:       It grants you flight.
   -Cast:     It prevents spellcasting.
   Harm:      It increases damage dealt and taken.
Jewellery
 j - a ring of positive energy (left hand)
 C - a ring of see invisible (right hand)
 G - a +6 ring of strength
Wands
 x - a wand of polymorph (2)
 E - a wand of quicksilver (16)
Scrolls
 e - a scroll of enchant armour {unknown}
 f - 3 scrolls of teleportation
 g - a scroll of poison {unknown}
 i - 2 scrolls of fear {unknown}
 l - 2 scrolls of identify {unknown}
 m - a scroll of torment {unknown}
 u - 2 scrolls of magic mapping {unknown}
 v - a scroll of brand weapon {unknown}
 w - a scroll of immolation {unknown}
 y - a scroll of noise {unknown}
 A - 2 scrolls of enchant weapon {unknown}
 D - a scroll of blinking {unknown}
 J - a scroll of acquirement {unknown}
Potions
 d - 3 potions of might
 h - 2 potions of heal wounds {unknown}
 n - 3 potions of lignification {unknown}
 o - 2 potions of mutation {unknown}
 r - 5 potions of curing {unknown}
 s - 2 potions of berserk rage {unknown}
 t - a potion of attraction {unknown}
 z - a potion of haste {unknown}
 F - a potion of degeneration {unknown}


   Skills:
 + Level 6.9 Fighting
 + Level 6.1 Axes
 + Level 3.7 Throwing
 + Level 6.7 Armour
 + Level 6.9 Shields
 + Level 3.5 Evocations


You had 7 spell levels left.
You didn't know any spells.
Your spell library contained the following spells:

 Spells                   Type           Power      Damage    Failure   Level
 Cigotuvi's Dreadful Rot  Necr/Pois/Air  0%         N/A       91%         2
 Ignite Poison            Fire/Tmut/Pois 0%         N/A       99%         3
 Animate Dead             Necr           0%         N/A       100%        4
 Passage of Golubria      Tloc           0%         N/A       100%        4
 Freezing Cloud           Conj/Ice/Air   0%         6-21      100%        5
 Silence                  Hex/Air        0%         N/A       100%        5
 Haunt                    Necr/Summ      0%         N/A       100%        7
 Infestation              Necr           0%         N/A       100%        8
 Lehudib's Crystal Spear  Conj/Erth      0%         10d2      100%        8


Dungeon Overview and Level Annotations

Branches:
Dungeon (7/15)             Temple (1/1) D:5           Sewer (visited)

Altars:
Ashenzari
Cheibriados
Fedhas
Hepliaklqana
Kikubaaqudgha
Makhleb
Nemelex Xobeh
Okawaru
Qazlal
Ru
Trog
Uskayaw

Shops:
D:4 =


Innate Abilities, Weirdness & Mutations

Your life essence is reduced to manifest your ancestor. (-10% HP)
You have a pair of horns on your head.
You reflexively headbutt those who attack you in melee.


Message History

You barely miss the bullfrog.
The bullfrog is heavily wounded.
You hit the kobold but do no damage. You miss the kobold brigand.
You block the bullfrog's attack. The kobold hits you but does no damage.
The deep elf pyromancer gestures wildly while chanting.
The deep elf pyromancer blinks!
Casper casts a spell at the bullfrog.
The bullfrog seems to slow down.
The kobold hits Casper but does no damage.
The kobold brigand closely misses Casper.
The bullfrog hits you.
The kobold hits Casper with a +0 club.
Casper closely misses the kobold.
The kobold brigand barely misses Casper.
The bullfrog seems less confused.
Casper barely misses the kobold.
The bullfrog hits you.
Casper casts a spell at the kobold.
The kobold resists with significant effort.
The kobold barely misses Casper.
The fire elemental hits you. The fire elemental burns you!
You hit the fire elemental but do no damage.
You barely miss the fire elemental. You hit the kobold.
You kill the kobold!
You miss the bullfrog. The fire elemental barely misses you.
The bullfrog hits you but does no damage.
The fire elemental hits you. The fire elemental burns you!
The kobold barely misses Casper.
Casper hits the kobold with a +0 dagger of draining.
The kobold dies!
Casper misses the kobold.
The kobold brigand attacks as you move away!
The kobold brigand hits you but does no damage.
The fire elemental closely misses you. You block the bullfrog's attack.
Casper hits the kobold with a +0 dagger of draining.
The kobold dies!
The fire elemental hits you. The fire elemental burns you!
* * * LOW HITPOINT WARNING * * *
The bullfrog attacks as you move away! The bullfrog hits you.
* * * LOW HITPOINT WARNING * * *
The fire elemental hits you. The fire elemental burns you!
You die...

..........○....<##...........#
................##...........#
.............................#
......................#########
.............e................#
...........°.#................#
..............................#
##.######..☼FE.....<...########
.. #....KRE.@...............# .
......)..KK#................#
.......)..##................#
......(...##................#
..........####..............#
..........# #.>...).)......#
..........# #..............#
....####### #..............#
#####..........#


You could see the friendly Casper the hexer, a deep elf pyromancer, 2 fire
elementals, a kobold brigand, a bullfrog (slow) and 2 kobolds.

Vanquished Creatures
  An ogre (D:4)
  A phantom (D:6)
  A bullfrog (Sewer)
  A kobold brigand (D:7)
  6 scorpions
  A howler monkey (Temple)
  A hound (D:5)
  2 jellies
  An orc priest (D:6)
  Terence (D:2)
  2 sleepcaps
  2 orc wizards
  7 gnolls
  5 adders
  2 white imps (Temple)
  An ufetubus (D:5)
  2 worms
  A dart slug (D:4)
  17 orcs
  3 bats
  13 endoplasms
  10 giant cockroaches
  7 goblins
  11 hobgoblins
  14 jackals (D:1)
  22 kobolds
  12 quokkas
  14 ball pythons
  6 frilled lizards
  5 rats
172 creatures vanquished.

Vanquished Creatures (collateral kills)
  A water moccasin (D:6)
  A kobold brigand (D:6)
  2 bullfrogs
  2 hounds (D:5)
  2 gnoll boudas
  An iguana (D:5)
  2 gnolls (D:5)
  2 adders (Sewer)
  5 ball pythons (Sewer)
  5 endoplasms (Sewer)
  4 giant cockroaches (Sewer)
  2 quokkas (Sewer)
  5 frilled lizards (Sewer)
  7 kobolds
41 creatures vanquished.

Vanquished Creatures (others)
  A hexer (D:7)
1 creature vanquished.

Grand Total: 214 creatures vanquished

Notes
Turn   | Place    | Note
-------+----------+-------------------------------------------
     0 | D:1      | Ayyar the Minotaur Fighter began the quest for the Orb.
     0 | D:1      | Reached XP level 1. HP: 19/19 MP: 0/0
    15 | D:1      | Reached XP level 2. HP: 27/27 MP: 1/1
    44 | D:1      | Reached XP level 3. HP: 30/33 MP: 2/2
   103 | D:1      | You fall into a shaft and drop 1 floor!
   214 | D:1      | Found a faded altar of an unknown god.
   586 | D:2      | Noticed Terence
   596 | D:2      | Killed Terence
   597 | D:2      | Reached XP level 4. HP: 25/41 MP: 3/3
  1370 | D:3      | Reached XP level 5. HP: 47/47 MP: 4/4
  1383 | D:3      | Identified the staff of poison "Neta" {rElec rPois Str+7
                  | Dex-2 Stlth+}
  1674 | D:3      | Found a hide-covered altar of Uskayaw.
  1676 | D:3      | Found a hazy altar of Hepliaklqana.
  1676 | D:3      | Found an ancient bone altar of Kikubaaqudgha.
  1696 | D:3      | Became a worshipper of Hepliaklqana the Forgotten
  1889 | D:4      | Reached skill level 5 in Fighting
  1889 | D:4      | Reached skill level 1 in Throwing
  1889 | D:4      | Reached skill level 5 in Armour
  1889 | D:4      | Reached skill level 5 in Shields
  1889 | D:4      | Reached XP level 6. HP: 56/56 MP: 5/5
  1926 | D:4      | Reached skill level 1 in Evocations
  2069 | D:4      | Found Iro Leh Yqy's Jewellery Emporium.
  2132 | D:4      | Reached * piety under Hepliaklqana
  2354 | D:5      | Entered Level 5 of the Dungeon
  2510 | D:4      | Reached XP level 7. HP: 54/54 MP: 6/6
  2568 | D:5      | Found a staircase to the Ecumenical Temple.
  2580 | Temple   | Entered the Ecumenical Temple
  2928 | D:5      | Found a burning altar of Makhleb.
  2935 | D:5      | Found a sparkling altar of Nemelex Xobeh.
  2938 | D:5      | Found a stormy altar of Qazlal.
  2938 | D:5      | Found a sacrificial altar of Ru.
  2944 | D:5      | Found an iron altar of Okawaru.
  3215 | D:5      | Reached skill level 5 in Axes
  3638 | D:6      | Reached ** piety under Hepliaklqana
  3649 | D:6      | Remembered your ancestor Casper as a hexer
  3727 | D:6      | Reached XP level 8. HP: 63/63 MP: 7/7
  3964 | D:6      | Found a glowing drain.
  3971 | Sewer    | Entered a sewer
  4294 | Sewer    | Identified the +0 pair of gloves of Past Mistakes {-Cast
                  | Harm Fly rElec}
  4807 | D:7      | Noticed a deep elf pyromancer
  4814 | D:7      | HP: 3/63 [bullfrog (7)]
  4814 | D:7      | Mangled by a fire elemental

Illustrated notes

Levels and vault maps discovered:
D:1:      dpeg_arrival_rhombus, layout_basic, basic_ecumenical_altar
D:2:      layout_loops_ring, uniq_terence
D:3:      layout_rooms, grunt_temple_overflow_open, interstate_on_off
D:4:      layout_gridville, serial_shops, nicolae_shop_behind_doors
D:5:      layout_basic, nicolae_overflow_hallway_of_the_gods,
          minmay_temple_entry_butterflies, kennysheep_flooded_box, st_stairs_14,
          chequers_serial_rivers_small_a, minmay_door_square
D:6:      layout_basic, portal_sewer_entry_e, hangedman_glass_teeth
D:7:      layout_basic, centaur_isle
Temple:   compressed_dpeg_triangle_lava_temple

Skill      XL: |  1  2  3  4  5  6  7  8 |
---------------+-------------------------+-----
Fighting       | 4 5 6 |  6.9
Armour         | 4 5 6 |  6.7
Shields        | 4 5 6 |  6.9
Axes           | 3 4 5 6 |  6.1
Throwing       | 1 2 3 |  3.7
Evocations     | 1 2 3 |  3.5

Action                     |  1- 3 |  4- 6 |  7- 9 || total
---------------------------+-------+-------+-------++-------
  Melee: War axe           |    54 |    97 |   162 ||   313
         Headbutt          |     6 |    15 |    27 ||    48
 Invoke: Recall Ancestor   |       |     1 |       ||     1
         Ancestor Identity |       |     1 |       ||     1
         Ancestor Life: He |       |       |     1 ||     1
    Use: Scroll            |       |       |     1 ||     1
   Stab: Confused          |       |       |     2 ||     2
         Distracted        |       |       |     1 ||     1
 Armour: Scale mail        |    23 |    33 |   109 ||   165
  Dodge: Dodged            |    27 |    45 |   105 ||   177
  Block: Buckler           |    14 |    22 |    56 ||    92
